 Dungeon Crawl Stone Soup version 0.30-a0-728-gc68057be0a (webtiles) character file.

Game seed: 9676596602092505291

1567657 juan097 the Devastator (level 27, 179/179 HPs)
             Began as a Tengu Air Elementalist on Jan 28, 2023.
             Was the Champion of Okawaru.
             Escaped with the Orb
             ... and 3 runes on Jan 30, 2023!
             The game lasted 07:58:02 (86956 turns).

juan097 the Devastator (Tengu Air Elementalist)    Turns: 86956, Time: 07:58:03

Health: 179/179    AC: 23    Str: 13    XL:     27
Magic:  46/46      EV: 33    Int: 38    God:    Okawaru [******]
Gold:   2860       SH:  7    Dex: 17    Spells: 10/54 levels left

rFire   + . .      SeeInvis +    a - staff of conjuration
rCold   + . .      Faith    .    r - +0 buckler "Ocowoi" {Regen+ Int+4}
rNeg    . . .      Spirit   .    u - +3 ring mail of the Dungeon {Int+5 Dex-3}
rPois   +          Reflect  .    Y - +3 crown of Dyrovepreva {rElec Int+2 SInv}
rElec   +          Harm     .    o - +0 cloak "Saesupo" {rC+ MP+9 Str-2 Dex+3}
rCorr   .          Rampage  +    U - +2 pair of gloves {Dex+3}
Will    +++..      Rage     3%   (boots unavailable)
Stlth   ++                       M - amulet "Tiyxtefo" {RegenMP Rampage rPois rF+ Will+}
HPRegen 1.29/turn                W - ring "Liamoitz" {rPois Int+7}
MPRegen 0.70/turn                P - ring of the Hare {EV+10, =R}

@: flying quickly and evasively, studying Evocations, quick
A: beak, talons 3, nimble flight, iridescent scales 2, berserk 1, clumsy 2,
dopey 1, low MP 1, inhibited regeneration, strong 1, no potion heal 1, subdued
magic 1, MP-powered wands
0: Orb of Zot
}: 3/15 runes: decaying, slimy, gossamer
a: Renounce Religion, Heroism, Finesse, Duel


You escaped.
You worshipped Okawaru.
Okawaru was exalted by your worship.
You visited 10 branches of the dungeon, and saw 51 of its levels.
You visited the Abyss 1 time.
You also visited: Trove, Gauntlet, Ice Cave, Wizlab and Desolation.

You collected 7911 gold pieces.
You spent 5051 gold pieces at shops.

Inventory:

Hand Weapons
 b - the +7 captain's cutlass {speed, disarm}
   (Okawaru gifted it to you on level 1 of the Elven Halls)
 w - the +8 Vampire's Tooth {megavamp}
   (You acquired it on level 1 of the Lair of Beasts)
Missiles
 D - 8 silver javelins
 H - 2 throwing nets
 N - 7 javelins
 O - 10 curare-tipped darts
Armour
 o - the +0 cloak "Saesupo" (worn) {rC+ MP+9 Str-2 Dex+3}
   (Okawaru gifted it to you on level 2 of the Swamp)

   Str:       It affects your strength (-2).
   Dex:       It affects your dexterity (+3).
   rC:        It protects you from cold.
   MP:        It affects your magic capacity (+9).
 r - the +0 buckler "Ocowoi" (worn) {Regen+ Int+4}
   (Okawaru gifted it to you on level 3 of the Vaults)

   Int:       It affects your intelligence (+4).
   Regen:     It increases your rate of health regeneration.
 u - the +3 ring mail of the Dungeon (worn) {Int+5 Dex-3}
   (You bought it in a shop on level 2 of the Orcish Mines)

   Int:       It affects your intelligence (+5).
   Dex:       It affects your dexterity (-3).
 U - a +2 pair of gloves of dexterity (worn)
 Y - the +3 crown of Dyrovepreva (worn) {rElec Int+2 SInv}
   (You acquired it on level 3 of the Spider Nest)

   Int:       It affects your intelligence (+2).
   rElec:     It insulates you from electricity.
   SInv:      It lets you see invisible.
Magical Staves
 a - a staff of conjuration (weapon)
Jewellery
 f - the ring "Qanwiug" {rF+ Will+ SInv}
   (You bought it in a shop on level 15 of the Dungeon)

   [ring of see invisible]

   rF:        It protects you from fire.
   SInv:      It lets you see invisible.
   Will:      It increases your willpower.
 m - the ring "Macofr Luro" {rF+ rN+ Dex+3 SInv}
   (You found it in a Gauntlet)

   [ring of see invisible]

   Dex:       It affects your dexterity (+3).
   rF:        It protects you from fire.
   rN:        It protects you from negative energy.
   SInv:      It lets you see invisible.
 I - a ring of resist corrosion
 M - the amulet "Tiyxtefo" (around neck) {RegenMP Rampage rPois rF+ Will+}
   (You found it in a Gauntlet)

   [amulet of magic regeneration]

   It increases your rate of magic regeneration.
   rF:        It protects you from fire.
   rPois:     It protects you from poison.
   Rampage:   It bestows one free step when moving towards enemies.
   Will:      It increases your willpower.
 P - the ring of the Hare (right hand) {EV+10, =R}
   (You bought it in a shop on level 1 of the Vaults)

   [ring of evasion]

   EV:        It affects your evasion (+10).
 W - the ring "Liamoitz" (left hand) {rPois Int+7}
   (You found it on level 3 of the Elven Halls)

   [ring of poison resistance]

   Int:       It affects your intelligence (+7).
   rPois:     It protects you from poison.
Wands
 s - a wand of iceblast (38)
 K - a wand of quicksilver (23)
 L - a wand of mindburst (7)
Scrolls
 c - 10 scrolls of enchant armour
 d - a scroll of blinking
 e - 6 scrolls of fog
 k - 8 scrolls of magic mapping
 p - 5 scrolls of immolation
 v - a scroll of brand weapon
 x - 10 scrolls of torment
 y - 18 scrolls of teleportation
 C - 7 scrolls of silence
 F - 7 scrolls of poison
 R - 6 scrolls of fear
 Z - 3 scrolls of amnesia
Potions
 g - 25 potions of curing
 h - a potion of brilliance
 i - a potion of invisibility
 j - 4 potions of heal wounds
 l - 7 potions of might
 q - 11 potions of ambrosia
 t - 6 potions of berserk rage
 z - 12 potions of lignification
 A - 7 potions of resistance
 E - 7 potions of magic
 S - a potion of haste
 T - a potion of cancellation
Miscellaneous
 n - a phial of floods
 J - a tin of tremorstones (2/2)
 Q - a lightning rod (4/4)
 V - a condenser vane


   Skills:
 + Level 20.2 Fighting
 - Level 10.0 Short Blades
 - Level 8.0 Staves
 - Level 8.0 Throwing
 - Level 15.0 Armour
 - Level 17.0 Dodging
 - Level 10.0 Stealth
 - Level 10.0 Shields
 - Level 14.0 Spellcasting
 + Level 20.5 Conjurations
 - Level 8.0 Necromancy
 - Level 8.0 Translocations
 - Level 8.0 Transmutations
 - Level 14.0 Fire Magic
 - Level 10.0 Ice Magic
 - Level 15.0 Air Magic
 - Level 4.1 Earth Magic
 - Level 4.0 Poison Magic
 - Level 11.0 Invocations
 - Level 18.0 Evocations


You had 10 spell levels left.
You knew the following spells:

 Your Spells              Type           Power      Damage    Failure   Level
a - Orb of Destruction    Conj           59%        9d14      1%          7
b - Blink                 Tloc           100%       N/A       1%          2
c - Swiftness             Air            83%        N/A       0%          3
d - Airstrike             Air            41%        2d(6-22)  1%          4
e - Irradiate             Conj/Tmut      51%        3d28      1%          5
f - Freezing Cloud        Conj/Ice/Air   52%        6-21      1%          5
g - Mephitic Cloud        Conj/Pois/Air  98%        N/A       1%          3
h - Apportation           Tloc           100%       N/A       1%          1
i - Iskenderun's Mystic   Conj/Tloc      100%       2d19      1%          4
j - Passwall              Tmut/Erth      45%        N/A       1%          2
k - Starburst             Conj/Fire      55%        6d15      1%          6
l - Sublimation of Blood  Necr           61%        N/A       1%          2

Your spell library contained the following spells:

 Spells                   Type           Power      Damage    Failure   Level
 Foxfire                  Conj/Fire      100%       2x1d9     0%          1
 Kiss of Death            Conj/Necr      100%       2d13      0%          1
 Magic Dart               Conj           100%       1d8       0%          1
 Shock                    Conj/Air       100%       1d9       0%          1
 Static Discharge         Conj/Air       100%       2-7/arc   0%          2
 Hailstorm                Conj/Ice       100%       3d20      0%          3
 Sticky Flame             Conj/Fire      100%       2d11      0%          4
 Iskenderun's Battlesphe  Conj           100%       2d15      0%          5
 Beastly Appendage        Tmut           100%       N/A       1%          1
 Freeze                   Ice            100%       1d10      1%          1
 Necrotise                Necr           100%       1d9       1%          1
 Sandblast                Erth           88%        2d18      1%          1
 Cigotuvi's Dreadful Rot  Necr/Pois/Air  100%       N/A       1%          2
 Wereblood                Tmut           61%        N/A       1%          2
 Dazzling Flash           Conj/Hex       100%       N/A       1%          3
 Frozen Ramparts          Ice            100%       1d16      1%          3
 Ignite Poison            Fire/Tmut/Pois 63%        N/A       1%          3
 Kindle Blastsparks       Fire/Tloc/Air  100%       2d18      1%          3
 Portal Projectile        Hex/Tloc       86%        N/A       1%          3
 Spider Form              Tmut/Pois      53%        N/A       1%          3
 Stone Arrow              Conj/Erth      100%       3d13      1%          3
 Vampiric Draining        Necr           61%        2d10      1%          3
 Dispel Undead            Necr           61%        3d21      1%          4
 Ice Form                 Ice/Tmut       64%        N/A       1%          4
 Manifold Assault         Tloc           61%        N/A       1%          4
 Petrify                  Tmut/Erth      54%        N/A       1%          4
 Agony                    Necr           61%        N/A       1%          5
 Blade Hands              Tmut           30%        N/A       1%          5
 Fireball                 Conj/Fire      55%        3d21      1%          5
 Conjure Ball Lightning   Conj/Air       56%        3x3d20    1%          6
 Iron Shot                Conj/Erth      47%        9d9       1%          6
 Anguish                  Hex/Necr       21%        N/A       4%          4
 Alistair's Intoxication  Tmut/Pois      35%        N/A       4%          5
 Confusing Touch          Hex            20%        N/A       7%          3
 Leda's Liquefaction      Hex/Erth       16%        N/A       10%         4
 Lee's Rapid Deconstruct  Erth           22%        3d12*     12%         5
 Storm Form               Tmut/Air       36%        N/A       17%         7
 Statue Form              Tmut/Erth      36%        N/A       30%         6
 Ignition                 Fire           40%        3d12      45%         8
 Dragon Form              Tmut           30%        N/A       61%         7
 Lehudib's Crystal Spear  Conj/Erth      47%        10d11     71%         8
 Chain Lightning          Conj/Air       56%        3d74      86%         9
 Fire Storm               Conj/Fire      55%        8d14      91%         9
 Disjunction              Tloc           30%        N/A       99%         8
 Necromutation            Tmut/Necr      30%        N/A       99%         8
 Enfeeble                 Hex            10%        N/A       100%        7
 Summon Small Mammal      Summ           Unusable   N/A       N/A         1
 Animate Dead             Necr           Unusable   N/A       N/A         4
 Call Imp                 Summ           Unusable   N/A       N/A         2
 Call Canine Familiar     Summ           Unusable   N/A       N/A         3
 Simulacrum               Ice/Necr       Unusable   N/A       N/A         6
 Animate Armour           Summ/Erth      Unusable   N/A       N/A         4
 Summon Forest            Summ/Tloc      Unusable   N/A       N/A         5
 Death Channel            Necr           Unusable   N/A       N/A         6
 Spellforged Servitor     Conj/Summ      Unusable   N/A       N/A         7
 Monstrous Menagerie      Summ           Unusable   N/A       N/A         7

Dungeon Overview and Level Annotations

Branches:
Dungeon (15/15)            Temple (0/1) D:7            Lair (5/5) D:9
  Swamp (4/4) Lair:3       Spider (4/4) Lair:3        Slime (5/5) Lair:4
    Orc (2/2) D:12            Elf (3/3) Orc:2        Vaults (4/5) D:13
  Crypt (0/3) Vaults:3     Depths (4/4) D:15            Zot (5/5) Depths:4
  IceCv (visited)          WizLab (visited)         Desolation (visited)
Gauntlet (visited)

Altars:
Ashenzari
Dithmenos
Fedhas
Gozag
Hepliaklqana
Okawaru
Qazlal
Ru
Sif Muna
Uskayaw
Vehumet
Wu Jian
Xom
Yredelemnul
The Shining One
Jiyva

Shops:
D:4 **   D:5 (   D:6 *   D:12 [   D:15 =!   Orc:2 ([*[   Elf:1 :=?[
Vaults:1 ?*:=:   Depths:1 [   Depths:2 =:=

Portals:
Hell: Depths:1 Depths:2 Depths:3 Depths:4
Abyss: Depths:2 Depths:3
Pandemonium: Depths:2
Ziggurat: Depths:4

Annotations:
D:13 1 runed translucent door, Fuilowk's ghost, journeyman MiFi
Swamp:1 2 transporters, Foxy's ghost, adept KoEn
Swamp:3 2 transporters, exclusion: obsidian statue
Orc:2 1 runed translucent door, exclusion: 4 orange crystal statues
Depths:2 8 runed translucent doors
Depths:3 1 transporter
Zot:1 6 runed translucent doors
Zot:2 1 runed translucent door, Meadakhi's ghost, master DgEE


Innate Abilities, Weirdness & Mutations

You have a beak for a mouth.
You have claws for feet.
Your magical nature lets you fly swiftly and evasively.
You are mostly covered in iridescent scales. (AC +4)
You sometimes lose your temper in combat.
You are very clumsy. (Dex -4)
You are dopey. (Int -2)
Your magical capacity is low. (-10% MP)
You do not regenerate when monsters are visible.
Your muscles are strong. (Str +4, Int/Dex -1)
Potions are less effective at restoring your health.
Your spells are a little easier to cast, but a little less powerful.
You expend magic power (3 MP) to strengthen your wands.


Message History

Press: ? - help, Dir - look around, f - activate You feel a surge of power!
The bolt of fire hits the large abomination!!!
You destroy the large abomination!
Okawaru accepts your kill.
The bolt of fire hits the large abomination!!!
The large abomination is almost destroyed.
You hit the large abomination but do no damage.
You blast the large abomination.
You claw the large abomination, but do no damage.
Your peck misses the large abomination.
The large abomination is almost destroyed.
The large abomination completely misses you.
Casting: Starburst (mildly dangerous; 1% risk of failure)
Confirm with . or Enter, or press ? or * to list all spells.
Casting: Starburst (mildly dangerous; 1% risk of failure)
Press: ? - help, Dir - look around, f - activate You feel a surge of power!
The bolt of fire hits the large abomination!!!
You destroy the large abomination!
Okawaru accepts your kill.
There is a stone staircase leading up here.
HP restored.
You fly upwards.
There is a stone staircase leading down here.
(D) Dungeon (T) Temple (L) Lair (S) Swamp (N) Spider Nest (M) Slime Pits (O) Orcish Mines (E) Elven Halls (V) Vaults (C) Crypt (U) Depths (H) Hell (Z) Zot
Where to? (Enter - D:1, ? - help)
There is an open door here.
A daeva comes into view.
It is wielding a +5 scimitar of holy wrath.
There is a stone staircase leading up here.
You fly upwards.
There is a stone staircase leading down here.
Magic restored.
You reach down and open the door.
There is an open door here.
There is a staircase leading out of the dungeon here.
You have escaped!

#.##.# ##....................
#.##.#####.........#.##..###.##
#.#..........#'#.....##..# #...
#...#........#.#...#.##..# ####
###....####..#.#..##.##..# ###
##.#.# ##.#.#.###.#...# #..
#.#.# ###.### #.#.#.# #.#
#...######...######.#.# #.#
##...'.....@.....'..#.# #.#
#.####.........###.#.####.# #.#
##.......###.......... #.#
##.....## #......(..# ##.###
##...## #....####.# ##....#
##.## #...## #.# #.#.#.###
##### #..## ##.#
##......###...#####.## ##...
##.........#.#..##.# #..#.


There were no monsters in sight!

Vanquished Creatures
  the Royal Jelly (Slime:5)
  Dissolution (Slime:2)
  3 dread liches
  An ancient lich (Zot:5)
  8 orbs of fire
  Mennas (Depths:4)
  A juggernaut (Depths:4)
  3 pandemonium lords
  Sojobo (Depths:2)
  Frederick (Vaults:2)
  A shard shrike (IceCv)
  8 Killer Klowns
  3 curse toes
  9 golden dragons
  Nikola (Swamp:4)
  A Tzitzimitl (D:13)
  2 Brimstone Fiends
  3 electric golems
  Rupert (Lair:4)
  A shard shrike skeleton (Abyss:2)
  Asterion (Vaults:3)
  A Hell Sentinel (D:12)
  3 liches
  An Ice Fiend (D:12)
  9 tentacled monstrosities
  28 Orb Guardians
  2 deep elf master archers (Elf:3)
  A titan (Depths:4)
  2 deep elf blademasters (Elf:3)
  6 quicksilver dragons
  3 Executioners
  24 acid blobs
  A tentacled starspawn (Abyss:2)
  8 death cobs
  3 sphinxes
  3 ancient champions (WizLab)
  A thorn hunter (Swamp:1)
  9 shadow dragons
  3 draconian monks
  17 storm dragons
  6 tengu reavers
  13 azure jellies
  Roxanne (D:14)
  8 draconian knights
  Donald (Swamp:3)
  4 revenants (WizLab)
  A daeva (Depths:2)
  8 rockslimes
  4 frost giants
  2 imperial myrmidons (Desolation)
  4 fire giants
  13 vault wardens
  7 emperor scorpions
  10 deep elf sorcerers
  Louise (Swamp:2)
  7 draconian scorchers
  An angel (D:13)
  4 draconian stormcallers
  5 draconian shifters
  10 ghost moths
  7 draconian annihilators
  5 deep elf elementalists (Elf:3)
  15 ironbound preservers
  A caustic shrike zombie (WizLab)
  2 war gargoyles
  A cacodemon (Depths:2)
  19 very ugly things
  14 stone giants
  4 quicksilver oozes
  14 green draconians
  7 ironbound thunderhulks
  4 vampire knights
  5 deep elf demonologists
  4 deep elf annihilators
  A lorocyproca (D:15)
  Azrael (D:14)
  7 dire elephants
  The ghost of Wav Ivev the Covert, a journeyman KoBr of Uskayaw (Lair:4)
  8 red draconians
  4 eleionomae
  15 white draconians
  15 black draconians
  A spectral titan (WizLab)
  10 spark wasps
  3 halazid warlocks (WizLab)
  11 purple draconians
  13 yellow draconians
  6 bunyips
  Snorg (D:12)
  9 deep elf death magi
  3 jiangshi
  2 eidola (WizLab)
  8 ettins
  Josephine (D:14)
  3 deep elf high priests (Elf:3)
  3 crystal guardians
  5 fire dragons
  A quicksilver dragon zombie (WizLab)
  4 entropy weavers
  7 ragged hierophants (Desolation)
  An entropy weaver (shapeshifter) (D:13)
  8 great orbs of eyes
  11 ice dragons
  3 rakshasas (Depths:1)
  15 hydras
  8 vault guards
  13 yaktaur captains
  4 servants of whispers (Desolation)
  14 peacekeepers
  A caustic shrike simulacrum (Depths:3)
  2 jorogumos
  4 catoblepae
  8 ironbound frosthearts
  4 spriggan air magi
  7 two-headed ogres
  A death knight (Vaults:3)
  Erica (Lair:1)
  14 centaur warriors
  23 death yaks
  10 boulder beetles
  23 dancing weapons
  4 alligators
  8 death scarabs (Spider:4)
  5 deep troll shamans
  4 deep troll earth magi
  6 vampire magi
  2 tengu warriors (Depths:3)
  6 orc high priests (Orc:2)
  A spectral emperor scorpion (Spider:4)
  2 hell hogs (Abyss:2)
  15 deep elf knights
  3 spriggan berserkers
  Sonja (Lair:4)
  2 sun demons
  A soul eater (Abyss:2)
  A spectral death yak (Lair:3)
  A wretched star (Abyss:2)
  A hell knight (Depths:4)
  A sun moth (Spider:3)
  A fire crab (Gauntlet)
  3 shadow wraiths (WizLab)
  3 iron trolls
  3 sixfirhies
  10 skeletal warriors
  A spark wasp zombie (WizLab)
  Lodul (D:12)
  A flayed ghost (WizLab)
  4 glowing orange brains
  12 pharaoh ants
  A deep troll (shapeshifter) (D:8)
  9 swamp dragons
  37 deep trolls
  3 goliath frogs
  3 spectral spark wasps (WizLab)
  7 spriggan druids
  2 spectral hydras (Lair:3)
  An orange crystal statue (IceCv)
  6 wizards
  16 deep elf archers
  8 phantasmal warriors
  10 orb spiders
  4 bog bodies
  Pikel (D:9)
  2 spectral wolf spiders (WizLab)
  22 ironbound convokers
  11 steelbarb worms
  2 obsidian statues
  4 orc knights
  6 lindwurms
  4 starcursed masses (Abyss:2)
  28 deep elf zephyrmancers
  32 deep elf pyromancers
  11 harpies
  4 necromancers
  61 ugly things
  4 will-o-the-wisps
  An orc sorcerer (Elf:2)
  4 wolf spider zombies
  21 wolf spiders
  A salamander (D:15)
  A manticore (shapeshifter) (Depths:3)
  2 oklob plants
  6 manticores
  A tengu skeleton (Depths:3)
  7 cyclopes
  2 black mambas
  30 moths of wrath
  2 eyes of devastation
  6 elephants (Lair:5)
  21 vault sentinels
  A rust devil (D:12)
  8 demonic crawlers
  15 cane toads
  2 guardian serpents (Desolation)
  4 unseen horrors
  4 molten gargoyles (Desolation)
  Maggie (D:9)
  2 orange demons
  4 torpor snails
  A gargoyle (Desolation)
  An unseen horror (shapeshifter) (Elf:2)
  17 rime drakes
  3 spectral redbacks (Spider:4)
  7 komodo dragons
  A kobold demonologist (D:12)
  An efreet (D:13)
  5 freezing wraiths
  A spark wasp simulacrum (Depths:3)
  32 yaktaurs
  4 tengu conjurers
  A redback zombie (D:15)
  An ancient zyme (Abyss:2)
  6 guardian mummies (Zot:1)
  12 meliai
  19 polar bears
  A harpy zombie (D:15)
  A queen bee (D:15)
  7 bloated husks
  A hellwing (Abyss:2)
  3 spectral jumping spiders (Spider:4)
  3 spectral tarantellas (Spider:4)
  8 trolls
  10 tyrant leeches
  21 tarantellas
  11 hornets
  12 blink frogs
  A spectral culicivora (Spider:4)
  46 saltlings (Desolation)
  2 tarantella zombies (Spider:4)
  4 dream sheep (Lair:5)
  A spriggan zombie (WizLab)
  A spectral black mamba (Lair:3)
  4 air elementals
  19 culicivoras
  2 jumping spiders (shapeshifter)
  22 jumping spiders
  97 slime creatures
  A culicivora (shapeshifter) (D:14)
  17 flying skulls
  A shadow (D:11)
  12 spriggans
  8 wraiths
  A slime creature (shapeshifter) (Depths:2)
  A vampire (D:13)
  11 fire elementals
  6 wyverns
  2 ynoxinuls
  3 steam dragons
  4 fire bats (Gauntlet)
  A water elemental (D:14)
  11 large abominations
  14 golden eyes
  43 yaks
  Grum (D:9)
  5 basilisks
  4 minotaur simulacra (Spider:4)
  14 vampire mosquitoes
  70 redbacks
  19 swamp worms
  A spatial vortex (Abyss:2)
  11 wargs
  14 hydra simulacra (Swamp:4)
  5 acid dragons
  11 water moccasins
  Duvessa (D:5)
  5 hell hounds
  3 swamp drakes (Swamp:4)
  19 orc warriors
  4 ice beasts
  5 black bears
  An alligator simulacrum (Spider:4)
  21 ogres
  4 small abominations (Abyss:2)
  The ghost of Mitcholas the Shooter, an amateur DrHu (D:6)
  31 wolves
  3 centaurs
  Blork the orc (D:4)
  3 phantoms (D:5)
  A kobold brigand (D:11)
  A necrophage (D:7)
  8 bullfrogs
  5 gnoll sergeants (D:6)
  4 scorpions
  An earth elemental (Elf:2)
  3 deep troll simulacra (Spider:4)
  A wight (D:8)
  Dowan (D:5)
  48 killer bees
  A dream sheep simulacrum (Lair:3)
  11 electric eels
  6 howler monkeys
  A rime drake simulacrum (Lair:3)
  3 jellies (Lair:4)
  8 hounds
  33 orc priests
  2 gnoll boudas
  An iron imp (Abyss:2)
  3 iguanas (D:6)
  14 orc wizards
  23 gnolls
  6 adders
  A shadow imp (D:8)
  An ufetubus (D:5)
  8 swamp drake simulacra (Swamp:4)
  A worm (D:2)
  4 dart slugs
  88 orcs
  12 endoplasms
  5 giant cockroaches
  11 goblins
  6 hobgoblins
  8 jackals
  9 quokkas
  9 ball pythons
  8 bats
  2 frilled lizards
  14 kobolds
  10 rats
  3 butterflies
2422 creatures vanquished.

Vanquished Creatures (collateral kills)
  An ironbound preserver (Vaults:4)
  2 jumping spiders
  A redback (Spider:1)
4 creatures vanquished.

Vanquished Creatures (others)
  A ghost moth (Zot:5)
  A dancing weapon (Elf:1)
  A deep elf knight (Elf:3)
  A bog body (Swamp:4)
  A goliath frog (Swamp:4)
  A bloated husk (Swamp:2)
  A tarantella (Spider:1)
  A jumping spider (Spider:1)
  A small abomination (Abyss:2)
  A butterfly (Zot:1)
  8 foxfires (Swamp:2)
  33 fungi
  93 plants
  6 starspawn tentacles (Abyss:2)
150 creatures vanquished.

Grand Total: 2576 creatures vanquished

Notes
Turn   | Place    | Note
-------+----------+-------------------------------------------
     0 | D:1      | juan097 the Tengu Air Elementalist began the quest for the
                  | Orb.
     0 | D:1      | Reached XP level 1. HP: 10/10 MP: 4/4
   171 | D:1      | Reached XP level 2. HP: 15/15 MP: 1/6
   228 | D:1      | Learned a level 2 spell: Static Discharge
   244 | D:1      | Found a faded altar of an unknown god.
   267 | D:1      | Prayed at the altar of an unknown god.
   267 | D:1      | Became a worshipper of Warmaster Okawaru
   267 | D:1      | Reached * piety under Okawaru
   893 | D:1      | Reached XP level 3. HP: 16/19 MP: 4/7
  1461 | D:2      | Reached XP level 4. HP: 22/24 MP: 2/8
  2061 | D:2      | Learned a level 3 spell: Swiftness
  2466 | D:3      | Found a glowing golden altar of the Shining One.
  2477 | D:3      | Noticed an angel
  2511 | D:3      | Reached skill level 5 in Air Magic
  2703 | D:3      | Gained mutation: Your magical nature lets you fly swiftly
                  | and evasively. [Tengu growth]
  2703 | D:3      | Reached XP level 5. HP: 28/28 MP: 2/10
  3128 | D:3      | Found a basalt altar of Yredelemnul.
  3130 | D:3      | Noticed a profane servitor
  3164 | D:4      | Found an ornate altar of the Wu Jian Council.
  3289 | D:4      | Noticed Blork the orc
  3292 | D:4      | Found a shadowy altar of Dithmenos.
  3596 | D:4      | Killed Blork the orc
  3597 | D:4      | Reached skill level 1 in Fighting
  3597 | D:4      | Reached XP level 6. HP: 34/34 MP: 9/11
  3602 | D:4      | Learned a level 4 spell: Airstrike
  3632 | D:4      | Found a stormy altar of Qazlal.
  3775 | D:4      | Found an opulent altar of Gozag.
  3780 | D:4      | Found Gozag's Platinum Reserve.
  3946 | D:4      | Found Wury's General Store.
  3952 | D:4      | Bought a scroll of identify for 24 gold pieces
  3961 | D:4      | Found a blossoming altar of Fedhas.
  4184 | D:5      | Entered Level 5 of the Dungeon
  4207 | D:5      | Reached ** piety under Okawaru
  4208 | D:5      | Reached XP level 7. HP: 17/39 MP: 2/12
  4757 | D:5      | Reached *** piety under Okawaru
  4758 | D:5      | Reached XP level 8. HP: 35/46 MP: 4/14
  5069 | D:5      | Noticed Duvessa
  5069 | D:5      | Noticed Dowan
  5165 | D:5      | Found Adghol's Antique Weapon Shop.
  5187 | D:5      | Reached skill level 5 in Conjurations
  5419 | D:5      | Killed Dowan
  5422 | D:5      | Killed Duvessa
  5769 | D:6      | Found a runed translucent door.
  5771 | D:6      | Noticed Mitcholas's ghost (amateur DrHu)
  5826 | D:6      | Reached skill level 5 in Spellcasting
  6025 | D:6      | Found Qodod's Assorted Antiques.
  6112 | D:6      | Bought an inky potion for 22 gold pieces
  6140 | D:6      | Reached **** piety under Okawaru
  6217 | D:6      | Reached XP level 9. HP: 52/52 MP: 3/19
  6815 | D:6      | Received a gift from Okawaru
  6956 | D:6      | Reached skill level 5 in Dodging
  7297 | D:6      | Reached skill level 5 in Fighting
  7344 | D:6      | Found a hide-covered altar of Uskayaw.
  7943 | D:7      | Found a staircase to the Ecumenical Temple.
  8420 | D:7      | Reached skill level 10 in Air Magic
  8667 | D:7      | Noticed a manticore
  8936 | D:7      | Reached skill level 1 in Armour
  8936 | D:7      | Reached XP level 10. HP: 36/60 MP: 11/20
  9172 | D:8      | Reached skill level 1 in Evocations
  9776 | D:8      | Noticed a deep elf pyromancer
  9776 | D:8      | Noticed a red ugly thing
  9776 | D:8      | Noticed a red ugly thing
  9777 | D:8      | Found a runed translucent door.
  9779 | D:8      | Noticed a fire dragon
  9779 | D:8      | Noticed a wolf spider
 10437 | D:9      | Noticed Grum
 10626 | D:9      | Reached skill level 1 in Short Blades
 10895 | D:9      | Noticed Pikel
 10911 | D:9      | Killed Pikel
 11019 | D:9      | Noticed Maggie
 11058 | D:8      | Reached ***** piety under Okawaru
 11310 | D:9      | Killed Maggie
 11311 | D:9      | Reached skill level 5 in Stealth
 11511 | D:9      | Found a staircase to the Lair.
 11736 | D:9      | Found a broken altar of Ashenzari.
 12090 | D:9      | Killed Grum
 12093 | D:9      | Reached XP level 11. HP: 39/66 MP: 4/22
 12688 | D:10     | Entered Level 10 of the Dungeon
 12692 | D:10     | Received a gift from Okawaru
 12909 | D:10     | Found a sacrificial altar of Ru.
 12996 | D:10     | Found a shimmering blue altar of Sif Muna.
 13336 | D:10     | Noticed a two-headed ogre
 13390 | D:10     | Killed a two-headed ogre
 14058 | Lair:1   | Entered Level 1 of the Lair of Beasts
 14058 | Lair:1   | Noticed a catoblepas
 14062 | Lair:1   | Killed a catoblepas
 14416 | Lair:1   | You are sucked into a shaft and drop 1 floor!
 14630 | Lair:1   | Noticed Erica
 14634 | Lair:1   | Killed Erica
 15556 | Lair:2   | Identified the +2 lajatang of Rafityas {flame, rPois rF+
                  | rN+} (Okawaru gifted it to you on level 2 of the Lair of
                  | Beasts)
 15556 | Lair:2   | Received a gift from Okawaru
 15704 | Lair:1   | Learned a level 5 spell: Irradiate
 16548 | Lair:2   | Reached XP level 12. HP: 63/73 MP: 4/25
 16588 | Lair:2   | Reached skill level 1 in Transmutations
 16588 | Lair:2   | Reached skill level 1 in Invocations
 16951 | Lair:2   | Learned a level 2 spell: Cigotuvi's Dreadful Rot
 17185 | Lair:2   | Noticed a six-headed hydra
 17221 | Lair:2   | Killed a six-headed hydra
 17450 | Lair:2   | Reached skill level 1 in Necromancy
 17682 | Lair:3   | Identified the +6 chain mail of the Candlemaker {*Slow
                  | rPois rN+ Dex+5} (Okawaru gifted it to you on level 3 of
                  | the Lair of Beasts)
 17682 | Lair:3   | Received a gift from Okawaru
 17683 | Lair:3   | Reached skill level 1 in Poison Magic
 18068 | Lair:3   | Found a hole to the Spider Nest.
 18495 | Lair:3   | Noticed an eight-headed hydra
 18535 | Lair:3   | Killed an eight-headed hydra
 18996 | Lair:3   | Found a staircase to the Swamp.
 19147 | Lair:3   | Found a runed translucent gate.
 19157 | Lair:3   | Found a runed translucent gate.
 19157 | Lair:3   | Found a runed translucent gate.
 19159 | Lair:3   | Noticed Wav Ivev's ghost (journeyman KoBr)
 20276 | Lair:4   | Found a gate leading to a gauntlet.
 20293 | Gauntlet | Entered a Gauntlet
 20293 | Gauntlet | Found a transporter.
 20293 | Gauntlet | Found a transporter.
 20351 | Gauntlet | Found a transporter.
 20356 | Gauntlet | Found a transporter.
 20369 | Gauntlet | Found a transporter.
 20370 | Gauntlet | Found a transporter.
 20377 | Gauntlet | Found a transporter.
 20397 | Gauntlet | Found a transporter.
 20414 | Gauntlet | Found a transporter.
 20418 | Gauntlet | Found a transporter.
 20429 | Gauntlet | Found a transporter.
 20430 | Gauntlet | Found a transporter.
 20667 | Gauntlet | Reached XP level 13. HP: 54/80 MP: 12/26
 20751 | Gauntlet | Identified the ring "Macofr Luro" {rF+ rN+ Dex+3 SInv}
 20761 | Gauntlet | Noticed a minotaur
 20785 | Gauntlet | Identified the amulet "Tiyxtefo" {RegenMP Rampage rPois rF+
                  | Will+}
 20912 | Lair:4   | Found a runed translucent door.
 20913 | Lair:4   | Found a viscous altar of Jiyva.
 20916 | Lair:4   | Identified the +1 pair of gloves of the Big Bang {Dex+3}
                  | (Okawaru gifted it to you on level 4 of the Lair of Beasts)
 20916 | Lair:4   | Received a gift from Okawaru
 21267 | Lair:4   | Noticed Rupert
 21284 | Lair:4   | Learned a level 3 spell: Mephitic Cloud
 21381 | Lair:4   | Identified the +9 flail of Hereokax {venom, rC- rN+ Int+4}
 21527 | Lair:4   | Noticed Sonja
 21547 | Lair:4   | Killed Sonja
 21560 | Lair:4   | Reached skill level 10 in Fighting
 21596 | Lair:4   | Found a staircase to the Slime Pits.
 22018 | D:11     | Reached skill level 5 in Transmutations
 22669 | D:11     | Found a portal to a secret trove of treasure.
 22949 | D:12     | Found Tenyagg's Antique Armour Emporium.
 23070 | D:12     | Found a staircase to the Orcish Mines.
 23079 | Orc:1    | Entered Level 1 of the Orcish Mines
 23274 | Orc:2    | Entered Level 2 of the Orcish Mines
 23274 | Orc:2    | Found a staircase to the Elven Halls.
 23485 | Orc:2    | Reached skill level 5 in Short Blades
 24291 | Orc:2    | Identified the +0 robe "Faohu" {Str+3} (Okawaru gifted it
                  | to you on level 2 of the Orcish Mines)
 24291 | Orc:2    | Received a gift from Okawaru
 24314 | Orc:2    | Found a runed translucent door.
 24319 | Orc:2    | Found the +10 tower shield of Ignorance {rN+ Int-4}
 24336 | Orc:2    | Found a runed translucent door.
 25096 | Orc:2    | Reached skill level 10 in Spellcasting
 25179 | Orc:2    | Found Suaqam's Assorted Antiques.
 25179 | Orc:2    | Found Beebom's Antique Armour Emporium.
 25187 | Orc:2    | Bought 3 scrolls of teleportation for 333 gold pieces
 25281 | Orc:2    | Found Elumai's Antique Weapon Boutique.
 25281 | Orc:2    | Found Koluemij's Armour Emporium.
 25463 | Orc:2    | Bought a smouldering ring mail for 333 gold pieces
 25463 | Orc:2    | Identified the +3 ring mail of the Dungeon {Int+5 Dex-3}
                  | (You bought it in a shop on level 2 of the Orcish Mines)
 25562 | D:12     | Bought an agate-encrusted ring mail for 360 gold pieces
 25562 | D:12     | Identified the +4 ring mail of Eternal Night {Harm rCorr
                  | Str-2 Stlth-} (You bought it in a shop on level 12 of the
                  | Dungeon)
 25944 | Lair:4   | Found a hazy altar of Hepliaklqana.
 26099 | Lair:5   | Entered Level 5 of the Lair of Beasts
 26103 | Lair:5   | Reached XP level 14. HP: 70/88 MP: 21/29
 26636 | Lair:4   | Received a gift from Okawaru
 26636 | Lair:4   | Found the +15 Maxwell's patent armour {-Cast -Tele rElec
                  | Will+ rCorr}
 26818 | Lair:5   | Reached ****** piety under Okawaru
 27079 | Lair:5   | Reached skill level 10 in Conjurations
 27916 | Lair:5   | Learned a level 1 spell: Apportation
 28096 | Lair:5   | Reached skill level 5 in Armour
 28278 | Lair:5   | Received a gift from Okawaru
 28279 | Lair:5   | Reached XP level 15. HP: 92/92 MP: 26/30
 29362 | Lair:5   | Upgraded the game from 0.30-a0-723-gc1506a1cf0 to
                  | 0.30-a0-726-gd89dcf765f
 29842 | Lair:4   | Killed Rupert
 30208 | D:8      | Received a gift from Okawaru
 30372 | D:8      | Reached skill level 1 in Translocations
 30409 | D:8      | Identified the +1 spear "Helaty Jumo" {drain, rC- rCorr
                  | Int+4}
 30840 | D:6      | Killed Mitcholas's ghost
 31087 | D:4      | Bought a potion of cancellation for 96 gold pieces
 31162 | D:6      | Bought a scroll of enchant armour for 187 gold pieces
 31968 | D:12     | Noticed Snorg
 31990 | D:12     | Killed Snorg
 32045 | D:12     | Reached skill level 10 in Dodging
 32320 | D:12     | Found a shimmering blue altar of Sif Muna.
 32385 | D:12     | Noticed Lodul
 32395 | D:12     | Killed Lodul
 32746 | D:12     | Received a gift from Okawaru
 33133 | D:13     | Found a runed translucent door.
 33133 | D:13     | Noticed Fuilowk's ghost (journeyman MiFi)
 33340 | D:13     | Learned a level 4 spell: Iskenderun's Mystic Blast
 33441 | D:13     | Reached XP level 16. HP: 100/100 MP: 17/31
 33888 | D:13     | Found a gate to the Vaults.
 34349 | D:14     | Noticed Josephine
 34363 | D:14     | Killed Josephine
 34495 | D:14     | Reached skill level 5 in Translocations
 34584 | D:14     | Received a gift from Okawaru
 35105 | D:14     | Noticed Roxanne
 35497 | D:14     | Noticed Azrael
 36689 | Spider:1 | Entered Level 1 of the Spider Nest
 36709 | Lair:2   | HP: 4/94 [poisoned by a redback]
 37397 | Lair:4   | Killed Wav Ivev's ghost
 38102 | Spider:1 | Reached skill level 10 in Armour
 38721 | Spider:1 | Reached skill level 1 in Throwing
 39451 | Spider:2 | Received a gift from Okawaru
 39815 | Spider:2 | Reached XP level 17. HP: 81/106 MP: 30/32
 39825 | Spider:2 | Reached skill level 1 in Shields
 40168 | Spider:2 | Received a gift from Okawaru
 40850 | Spider:3 | Received a gift from Okawaru
 40851 | Spider:3 | Reached skill level 5 in Shields
 41283 | Spider:3 | Received a gift from Okawaru
 41388 | Spider:3 | Identified a scroll of acquirement
 41401 | Spider:3 | Acquired the +3 crown of Dyrovepreva {rElec Int+2 SInv}
 41401 | Spider:3 | Found the +3 crown of Dyrovepreva {rElec Int+2 SInv}
 41785 | Spider:3 | Received a gift from Okawaru
 42162 | Swamp:1  | Entered Level 1 of the Swamp
 42213 | Swamp:1  | Found a radiant altar of Vehumet.
 42518 | Swamp:1  | Found a transporter.
 42522 | Swamp:1  | Noticed Foxy's ghost (adept KoEn)
 42524 | Swamp:1  | Noticed a tentacled monstrosity
 42532 | Swamp:1  | Found a transporter.
 42914 | Swamp:1  | Learned a level 5 spell: Iskenderun's Battlesphere
 42924 | Swamp:2  | Noticed Louise
 43250 | Swamp:2  | Learned a level 6 spell: Starburst
 43336 | Swamp:2  | Received a gift from Okawaru
 43337 | Swamp:2  | Reached skill level 1 in Fire Magic
 43708 | Swamp:2  | Killed Louise
 43830 | Swamp:2  | Identified the +0 cloak "Saesupo" {rC+ MP+9 Str-2 Dex+3}
                  | (Okawaru gifted it to you on level 2 of the Swamp)
 43830 | Swamp:2  | Received a gift from Okawaru
 44568 | Swamp:3  | Reached XP level 18. HP: 108/112 MP: 21/33
 44695 | Swamp:3  | Noticed Donald
 44711 | Swamp:3  | Killed Donald
 44750 | Swamp:3  | Found a transporter.
 44751 | Swamp:3  | Found a transporter.
 45140 | Swamp:4  | Entered Level 4 of the Swamp
 45597 | Swamp:4  | Noticed Nikola
 45627 | Swamp:4  | Reached skill level 10 in Stealth
 45627 | Swamp:4  | Reached skill level 5 in Fire Magic
 45630 | Swamp:4  | Killed Nikola
 45631 | Swamp:4  | Reached skill level 10 in Short Blades
 46327 | Swamp:4  | Identified the +2 robe "Acumnet" {rElec rF- Regen+ Int-4}
 46845 | Swamp:4  | Got a decaying rune of Zot
 47162 | Spider:4 | Entered Level 4 of the Spider Nest
 47238 | Spider:4 | Received a gift from Okawaru
 47595 | Spider:4 | Found a frozen archway.
 47657 | IceCv    | Entered an ice cave
 48254 | IceCv    | Noticed a shard shrike
 48264 | IceCv    | Killed a shard shrike
 49205 | Spider:4 | Reached skill level 10 in Fire Magic
 49688 | Spider:4 | Reached XP level 19. HP: 110/116 MP: 22/35
 49991 | Spider:4 | Identified the +2 hat of Loafeg {Dex+2 Slay+5 SInv Stlth-}
                  | (Okawaru gifted it to you on level 4 of the Spider Nest)
 49991 | Spider:4 | Received a gift from Okawaru
 50307 | Spider:4 | Reached skill level 15 in Conjurations
 51018 | Spider:4 | Got a gossamer rune of Zot
 51774 | D:14     | Killed Roxanne
 51851 | D:15     | Entered Level 15 of the Dungeon
 52521 | D:15     | Found Kioniutt's Distillery.
 52528 | D:15     | Bought a potion of magic for 144 gold pieces
 52611 | D:15     | Found Iluem's Jewellery Emporium.
 52620 | D:15     | Bought the ring "Qanwiug" {rF+ Will+ SInv} for 484 gold
                  | pieces
 52735 | D:15     | Found a staircase to the Depths.
 53277 | D:15     | Learned a level 7 spell: Orb of Destruction
 53389 | D:14     | Killed Azrael
 53586 | Vaults:1 | Entered Level 1 of the Vaults
 53602 | Vaults:1 | Found Liom's Jewellery Shoppe.
 53642 | Vaults:1 | Identified the +3 rapier of Baxot {pain, rPois rF- Dex+6}
                  | (Okawaru gifted it to you on level 1 of the Vaults)
 53642 | Vaults:1 | Received a gift from Okawaru
 53720 | Vaults:1 | Bought the ring of the Hare {EV+10} for 1920 gold pieces
 53720 | Vaults:1 | Found the ring of the Hare {EV+10}
 54438 | Vaults:1 | Found Iloel's Magic Scroll Emporium.
 54503 | Vaults:1 | Bought 3 scrolls of blinking for 360 gold pieces
 55032 | Vaults:1 | Found Seojier's Book Emporium.
 55044 | Vaults:1 | Bought an Inescapable Atlas for 416 gold pieces
 55047 | Vaults:1 | Learned a level 2 spell: Blink
 55107 | Vaults:1 | Found Okhoroug's Assorted Antiques.
 55115 | Vaults:1 | Bought a potion of invisibility for 248 gold pieces
 55115 | Vaults:1 | Bought a potion of brilliance for 124 gold pieces
 55182 | Vaults:1 | Identified the +0 animal skin of Mezcal {Str+3 SInv}
                  | (Okawaru gifted it to you on level 1 of the Vaults)
 55182 | Vaults:1 | Received a gift from Okawaru
 55584 | Vaults:2 | Reached XP level 20. HP: 126/126 MP: 26/36
 57011 | Vaults:2 | Received a gift from Okawaru
 57091 | Vaults:2 | Reached skill level 5 in Evocations
 57248 | Vaults:2 | Reached skill level 5 in Invocations
 57797 | Vaults:3 | Noticed Frederick
 57812 | Vaults:2 | Killed Frederick
 57910 | Vaults:3 | Identified the +0 buckler "Ocowoi" {Regen+ Int+4} (Okawaru
                  | gifted it to you on level 3 of the Vaults)
 57910 | Vaults:3 | Received a gift from Okawaru
 58092 | Vaults:3 | Found a magical portal.
 58177 | WizLab   | Entered Borgnjor's Mausoleum
 58233 | WizLab   | Reached XP level 21. HP: 91/132 MP: 25/37
 58915 | WizLab   | Identified the +6 spear of Qanwij {heavy, rF++ rC+ Will+}
                  | (Okawaru gifted it to you in a wizard's laboratory)
 58915 | WizLab   | Received a gift from Okawaru
 59022 | WizLab   | Got Jeath's Encyclopedia of Lamentation
 59616 | Vaults:3 | Noticed Asterion
 59635 | Vaults:3 | Killed Asterion
 59712 | Vaults:3 | Identified the +8 quarterstaff "Ygeill" {elec, rF- rC+ rN+}
 59783 | Vaults:3 | Found a staircase to the Crypt.
 60745 | Vaults:4 | Identified the +2 dagger of Hyneh {flame, rElec rC+ Will-
                  | Str+3} (Okawaru gifted it to you on level 4 of the Vaults)
 60745 | Vaults:4 | Received a gift from Okawaru
 61785 | Vaults:1 | Found Meicoocs's Book Emporium.
 61974 | D:13     | Upgraded the game from 0.30-a0-726-gd89dcf765f to
                  | 0.30-a0-728-gc68057be0a
 62131 | Elf:1    | Entered Level 1 of the Elven Halls
 62214 | Elf:1    | Reached XP level 22. HP: 123/138 MP: 38/38
 62264 | Elf:1    | Found Diretr Tosad's Magic Scroll Boutique.
 62264 | Elf:1    | Found Pacruk's Armour Boutique.
 62266 | Elf:1    | Found Pohuheon's Book Boutique.
 62266 | Elf:1    | Found Onym Jeax's Jewellery Boutique.
 62342 | Elf:1    | Received a gift from Okawaru
 62342 | Elf:1    | Found the +7 captain's cutlass {speed, disarm}
 62754 | Elf:1    | Found a runed translucent door.
 62755 | Elf:1    | Found a runed translucent gate.
 62755 | Elf:1    | Found a runed translucent gate.
 62755 | Elf:1    | Found a runed translucent gate.
 62770 | Elf:1    | Found a runed translucent gate.
 62770 | Elf:1    | Found a runed translucent gate.
 62770 | Elf:1    | Found a runed translucent gate.
 62775 | Elf:1    | Identified the +2 chain mail of Death Resistance {Harm
                  | Int+3}
 62782 | Elf:1    | Found a runed translucent door.
 63282 | Elf:2    | Found a crumbling gateway.
 63291 | Elf:2    | Reached skill level 10 in Evocations
 63364 | Desolati | Entered the Desolation of Salt
 63579 | Desolati | Identified the amulet of the Prince of Darkness {Faith
                  | Str+2}
 63596 | Desolati | Identified the ring "Qaucaqiam" {Ice MP-9 Slay+4}
 63602 | Desolati | Identified the +8 flail of Instant Death {pain, *Rage
                  | *Corrode +Blink Will+++}
 63649 | Desolati | Reached skill level 15 in Fighting
 63756 | Desolati | Identified the +0 scale mail of Anarchy {rPois Str+2}
 63757 | Desolati | Identified the +1 ring mail of Protective Custody {rF+
                  | Dex+5}
 63778 | Desolati | Got the Directory of Moulding and Sidekicks
 63831 | Desolati | Received a gift from Okawaru
 64374 | Desolati | Identified the ring "Gicif" {Ice Int+2}
 64983 | Elf:2    | Found a runed translucent gate.
 64984 | Elf:2    | Found a runed translucent gate.
 64984 | Elf:2    | Found a runed translucent gate.
 65453 | Elf:2    | Reached XP level 23. HP: 146/146 MP: 37/40
 65670 | Elf:3    | Entered Level 3 of the Elven Halls
 65774 | Elf:3    | Received a gift from Okawaru
 65863 | Elf:3    | Reached XP level 24. HP: 152/152 MP: 41/41
 65864 | Elf:3    | Reached XP level 25. HP: 157/157 MP: 41/41
 66126 | Elf:3    | Found a shimmering blue altar of Sif Muna.
 66278 | Elf:3    | Identified the amulet "Furruwood" {Reflect rC+ rN+ Str+4
                  | Slay+2 SH+5}
 66289 | Abyss:2  | Found a corrupted altar of Lugonu.
 66289 | Abyss:2  | Cast into level 2 of the Abyss (a deep elf demonologist)
 66326 | Abyss:2  | Noticed a dread lich
 66335 | Abyss:2  | Killed a dread lich
 66381 | Abyss:2  | Found a corrupted altar of Lugonu.
 66621 | Abyss:2  | Found a corrupted altar of Lugonu.
 66801 | Abyss:2  | Reached skill level 10 in Invocations
 66867 | Elf:3    | Escaped the Abyss
 67053 | Elf:3    | Identified the ring "Wicuwyqa" {Ice rPois Str+4 Dex+2}
 67059 | Elf:3    | Identified the +8 flail of Destiny {elec, rF+ rN+ Will+
                  | Dex+2}
 67196 | Elf:3    | Identified the +5 great sword "Zisetops" {antimagic, rPois
                  | rF- rCorr Dex+6}
 67211 | Elf:3    | Identified the +5 dire flail of Asyani {protect, Dex+2}
 67347 | Elf:3    | Identified the ring "Liamoitz" {rPois Int+7}
 67349 | Elf:3    | Identified the +8 dagger of the Maze {flame, Dex+2}
 67377 | Elf:3    | Got Kikubaaqudgha's Spellbook of Blasphemous Rituals
 67384 | Elf:3    | Got Dadigoq's Omnibus of the Nimbus
 67390 | Elf:3    | Identified the +1 plate armour of Wu Jian's Condemnation
                  | {rC+ Str+4}
 67862 | Lair:1   | Acquired the +8 Vampire's Tooth {megavamp}
 67862 | Lair:1   | Found the +8 Vampire's Tooth {megavamp}
 67962 | Slime:1  | Entered Level 1 of the Pits of Slime
 68135 | Slime:1  | Received a gift from Okawaru
 68563 | Slime:2  | Noticed Dissolution
 68590 | Slime:2  | Reached skill level 15 in Evocations
 68602 | Slime:2  | Paralysed by a floating eye for 4 turns
 68608 | Slime:2  | Paralysed by a floating eye for 2 turns
 68658 | Slime:2  | Killed Dissolution
 68658 | Slime:2  | Identified the +8 chain mail of the Heavens {Will+ Str+3}
                  | (Okawaru gifted it to you on level 2 of the Pits of Slime)
 68658 | Slime:2  | Received a gift from Okawaru
 69348 | Slime:5  | Entered Level 5 of the Pits of Slime
 69604 | Slime:5  | Found a viscous altar of Jiyva.
 69741 | Slime:5  | Noticed the Royal Jelly
 70822 | Slime:5  | Killed the Royal Jelly
 70823 | Slime:5  | Reached XP level 26. HP: 158/163 MP: 29/42
 70953 | Slime:5  | Got a slimy rune of Zot
 71054 | Slime:5  | Identified the +9 great sword of Kepteh {freeze, rC- rN+
                  | Will++}
 71059 | Slime:5  | Identified the +1 pair of gloves of Defiance {rPois Will+}
 71062 | Slime:5  | Identified the +0 robe "Ysir" {Rampage rF+ Dex-2}
 71068 | Slime:5  | Got the Lectures on Conflagrant Elsewhere
 71083 | Slime:5  | Got the Spellbook of Crystallized Embers
 71097 | Slime:5  | Identified the +11 whip "Mymitt" {holy, rPois rC+++ Int-2
                  | Dex+3}
 71397 | Lair:1   | Learned a level 5 spell: Freezing Cloud
 71400 | Lair:1   | Learned a level 2 spell: Passwall
 71404 | Lair:1   | Learned a level 2 spell: Sublimation of Blood
 71611 | Depths:1 | Entered Level 1 of the Depths
 71631 | Depths:1 | Reached skill level 1 in Staves
 71769 | Depths:1 | Reached skill level 1 in Ice Magic
 71803 | Depths:1 | Reached skill level 1 in Earth Magic
 72173 | Depths:1 | Found Cutre's Armour Boutique.
 72303 | Depths:1 | Found a gateway to Hell.
 72448 | Depths:2 | Found a large runed translucent door.
 72449 | Depths:2 | Found a large runed translucent door.
 72453 | Depths:2 | Found a large runed translucent door.
 72651 | Depths:2 | Found a one-way gate leading to the halls of Pandemonium.
 72662 | Depths:2 | Identified the +1 kite shield of the Sunfish {*Corrode
                  | Str+2 Int+2} (Okawaru gifted it to you on level 2 of the
                  | Depths)
 72662 | Depths:2 | Received a gift from Okawaru
 72803 | Depths:2 | Noticed Sojobo
 72805 | Depths:2 | Found a large runed translucent door.
 72814 | Depths:2 | Killed Sojobo
 72950 | Depths:2 | Found Daton's Jewellery Shoppe.
 72951 | Depths:2 | Found Jimewi's Book Shop.
 72952 | Depths:2 | Found Joomuto's Jewellery Shoppe.
 73066 | Depths:2 | Found a one-way gate to the infinite horrors of the Abyss.
 73177 | Depths:2 | Found a large runed translucent door.
 73179 | Depths:2 | Found a large runed translucent door.
 73181 | Depths:2 | Found a large runed translucent door.
 73284 | Depths:2 | Found a large runed translucent door.
 73640 | Depths:2 | Reached skill level 5 in Staves
 74351 | D:11     | You paid a toll of +2 shadow dragon scales to enter a
                  | treasure trove
 74352 | Trove    | Entered a treasure trove
 74386 | Trove    | Identified the +2 pair of gloves "Peul" {rN+ Str+3}
 74405 | Trove    | Identified the ring "Digac" {Fire *Corrode rPois Int+4 SInv
                  | Stlth+}
 74409 | Trove    | Reached XP level 27. HP: 168/168 MP: 42/42
 74413 | Trove    | Identified the ring "Amniaj" {rElec Will+ Str+2}
 74749 | Depths:3 | Found an iron altar of Okawaru.
 74911 | Depths:3 | Found a transporter.
 74922 | Depths:3 | Found a shimmering blue altar of Sif Muna.
 75212 | Depths:3 | Reached skill level 5 in Necromancy
 75566 | Depths:4 | Entered Level 4 of the Depths
 75568 | Depths:4 | Noticed Mennas
 75583 | Depths:4 | Killed Mennas
 75584 | Depths:4 | Reached skill level 5 in Ice Magic
 75686 | Depths:4 | Found a one-way gateway to a ziggurat.
 75915 | Depths:4 | Noticed a juggernaut
 75920 | Depths:4 | Killed a juggernaut
 76208 | Depths:4 | Received a gift from Okawaru
 76209 | Depths:4 | Reached skill level 15 in Dodging
 76480 | Depths:4 | Found a gate to the Realm of Zot.
 76712 | Zot:1    | Entered Level 1 of the Realm of Zot
 77016 | Zot:1    | Received a gift from Okawaru
 77528 | Zot:1    | Found a large runed translucent door.
 77530 | Zot:1    | Found a large runed translucent door.
 77531 | Zot:1    | Found a large runed translucent door.
 77531 | Zot:1    | Found a shimmering altar of Xom.
 77531 | Zot:1    | Found a large runed translucent door.
 77531 | Zot:1    | Identified the +6 longbow of the Continents {heavy, rPois
                  | Stlth+}
 77577 | Zot:1    | Found a large runed translucent door.
 77794 | Zot:1    | Found a large runed translucent door.
 77795 | Zot:1    | Found a large runed translucent door.
 77899 | Zot:1    | Found a large runed translucent door.
 78149 | Zot:1    | Identified the +4 dire flail of the Messenger {chaos, rPois
                  | Int+2}
 78154 | Zot:1    | Identified the +6 chain mail "Pufud" {Harm rElec Will+
                  | Int-4}
 78288 | Zot:1    | Identified the +1 scale mail of Fortification {Rampage
                  | Will- Dex+6 Stlth+}
 78377 | Zot:1    | Gained mutation: You sometimes lose your temper in combat.
                  | [mutagenic glow]
 78390 | Zot:1    | Gained mutation: You are dopey. (Int -2) [mutagenic glow]
 79459 | Zot:2    | Found a runed translucent door.
 79460 | Zot:2    | Noticed Meadakhi's ghost (master DgEE)
 79896 | Zot:3    | Identified the +0 hat of Arysous {rF++ Dex+3 Stlth-}
                  | (Okawaru gifted it to you on level 3 of the Realm of Zot)
 79896 | Zot:3    | Received a gift from Okawaru
 80603 | Zot:3    | Reached skill level 5 in Throwing
 82144 | Zot:4    | Received a gift from Okawaru
 82281 | Zot:4    | Noticed an orb of fire
 82339 | Zot:4    | Killed an orb of fire
 82865 | Zot:5    | Entered Level 5 of the Realm of Zot
 83016 | Zot:5    | Received a gift from Okawaru
 83854 | Zot:5    | Noticed an orb of fire
 83857 | Zot:5    | Gained mutation: You expend magic power (3 MP) to
                  | strengthen your wands. [an orb of fire]
 83860 | Zot:5    | Noticed an orb of fire
 83862 | Zot:5    | Killed an orb of fire
 83863 | Zot:5    | Reached skill level 10 in Shields
 83863 | Zot:5    | Gained mutation: You are occasionally teleported next to
                  | monsters. [an orb of fire]
 83868 | Zot:5    | Gained mutation: Your flesh is cold resistant. (rC+) [an
                  | orb of fire]
 83869 | Zot:5    | Killed an orb of fire
 83871 | Zot:5    | Noticed an orb of fire
 84106 | Zot:5    | Noticed a dread lich
 84107 | Zot:5    | Gained mutation: Your body sometimes deteriorates upon
                  | taking damage. [an orb of fire]
 84112 | Zot:5    | Killed an orb of fire
 84117 | Zot:5    | Killed a dread lich
 84147 | Zot:5    | Reached skill level 10 in Ice Magic
 84497 | Zot:5    | Noticed a dread lich
 84497 | Zot:5    | Noticed an orb of fire
 84497 | Zot:5    | Noticed an orb of fire
 84497 | Zot:5    | Noticed an orb of fire
 84497 | Zot:5    | Noticed an orb of fire
 84498 | Arena    | Entered the Arena
 84500 | Arena    | Gained mutation: You are partially covered in iridescent
                  | scales. (AC +2) [an orb of fire]
 84502 | Arena    | Gained mutation: You have hidden genetic defects. [an orb
                  | of fire]
 84507 | Arena    | Killed an orb of fire
 84508 | Arena    | Reached skill level 15 in Armour
 84508 | Arena    | Reached skill level 15 in Air Magic
 84526 | Zot:5    | Noticed an ancient lich
 84531 | Zot:5    | Killed a dread lich
 84532 | Zot:5    | Gained mutation: Potions are less effective at restoring
                  | your health. [an orb of fire]
 84533 | Zot:5    | Gained mutation: You are clumsy. (Dex -2) [an orb of fire]
 84534 | Zot:5    | Gained mutation: Armour fits poorly on your strangely
                  | shaped body. [an orb of fire]
 84535 | Zot:5    | Lost mutation: You are occasionally teleported next to
                  | monsters. [an orb of fire]
 84536 | Zot:5    | Killed an orb of fire
 84536 | Zot:5    | Received a gift from Okawaru
 84698 | Zot:5    | Gained mutation: You are weak. (Str -2) [an orb of fire]
 84700 | Zot:5    | Killed an orb of fire
 84734 | Zot:2    | Lost mutation: You expend magic power (3 MP) to strengthen
                  | your wands. [potion of mutation]
 84734 | Zot:2    | Lost mutation: Armour fits poorly on your strangely shaped
                  | body. [potion of mutation]
 84734 | Zot:2    | Gained mutation: You are very clumsy. (Dex -4) [potion of
                  | mutation]
 84734 | Zot:2    | Lost mutation: You are weak. (Str -2) [potion of mutation]
 84734 | Zot:2    | Gained mutation: You expend magic power (3 MP) to
                  | strengthen your wands. [potion of mutation]
 85112 | D:13     | Lost mutation: Potions are less effective at restoring your
                  | health. [potion of mutation]
 85112 | D:13     | Lost mutation: Your flesh is cold resistant. (rC+) [potion
                  | of mutation]
 85112 | D:13     | Gained mutation: Your muscles are strong. (Str +4, Int/Dex
                  | -1) [potion of mutation]
 85112 | D:13     | Gained mutation: You are mostly covered in iridescent
                  | scales. (AC +4) [potion of mutation]
 85487 | Zot:5    | Gained mutation: You do not regenerate when monsters are
                  | visible. [an orb of fire]
 85497 | Zot:5    | Killed an orb of fire
 85502 | Zot:5    | Killed an ancient lich
 85875 | Zot:5    | Gained mutation: Potions are less effective at restoring
                  | your health. [hidden defects]
 86161 | Zot:5    | Got the Orb of Zot
 86381 | Depths:2 | Identified the +0 plate armour "Nyczac" {rPois rF+ rN+
                  | rCorr} (Okawaru gifted it to you on level 2 of the Depths)
 86381 | Depths:2 | Received a gift from Okawaru
 86475 | Depths:1 | Noticed Zutteith the pandemonium lord
 86482 | Depths:1 | Killed Zutteith the pandemonium lord
 86626 | D:14     | Noticed Nuki the pandemonium lord
 86645 | D:14     | Killed Nuki the pandemonium lord
 86672 | D:14     | Noticed a seraph
 86689 | D:13     | Gained mutation: Your spells are a little easier to cast,
                  | but a little less powerful. [hidden defects]
 86689 | D:13     | Lost mutation: You have hidden genetic defects. [hidden
                  | defects expressed]
 86699 | D:12     | Noticed Gyffomud the pandemonium lord
 86709 | D:12     | Killed Gyffomud the pandemonium lord
 86715 | D:12     | HP: 4/179 [Hell Sentinel/damnation (46)]
 86717 | D:12     | Lost mutation: Your body sometimes deteriorates upon taking
                  | damage. [mutagenic glow]
 86727 | D:12     | Gained mutation: Your magical capacity is low. (-10% MP)
                  | [mutagenic glow]
 86752 | D:12     | Noticed Xucwaull the pandemonium lord
 86956 | D:$      | Escaped with the Orb!

Illustrated notes

Levels and vault maps discovered:
D:1:      mrwooster_arrival_arrow, layout_loops_ring,
          ebering_ecumenical_altar_rust
D:2:      layout_basic, kennysheep_generic_room_13
D:3:      layout_rooms, grunt_temple_overflow_holy_war
D:4:      layout_basic, nicolae_dithmenos_the_darkroom, kennysheep_little_box,
          nicolae_gozag_zags_fifth_avenue, mainiacjoe_overflow_catwalk,
          lemuel_tele_altar, serial_shops, shop, uniq_blork_the_orc
D:5:      layout_basic, serial_shops, shop, uniq_duvessa
D:6:      layout_cave_pools, lemuel_coloured_pillars_altar,
          ebering_ghost_inner_flame, serial_gnoll_camp,
          gnoll_camp_mini_doghouse, gnoll_camp_mini_house,
          gnoll_camp_mini_doghouse, gnoll_camp_mini_house, gnoll_camp_mini_shop,
          gnoll_camp_huts_basic
D:7:      cheibrodos_two_vegetables, layout_gridville,
          minmay_temple_entry_glassed_door, chequers_arboretum
D:8:      minmay_gate_of_8, layout_loops_ring, st_stairs_2, grunt_ogre_cave
D:9:      layout_basic, mainiacjoe_overflow_paths, erik_lair_orcish_takeover,
          uniq_grum, uniq_maggie, uniq_pikel
D:10:     layout_basic, mainiacjoe_overflow_cross_hatched, amcnicky_altar_gilded
D:11:     layout_small_grid, enter_trove_3, special_room [special_room_orc],
          nicolae_fountain_basement
D:12:     nzn_winding_woodlands_stair_trap [nzn_winding_woodlands_5x15_pockets,
          nzn_winding_woodlands_5x15_parted, nzn_winding_woodlands_5x15_zeroes,
          nzn_winding_woodlands_15x15_killbox,
          nzn_winding_woodlands_5x15_garden, nzn_winding_woodlands_5x15_eye,
          nzn_winding_woodlands_5x15_lazy_stream], layout_long_grid,
          orc_0_dummy, serial_shops, kennysheep_mini_moat,
          lemuel_blue_sif_altar, uniq_snorg, uniq_lodul
D:13:     layout_irregular_city, david_vaults_4, hellmonk_ghost_big_iron
D:14:     layout_basic, minmay_crystal_water, uniq_azrael, uniq_roxanne,
          uniq_josephine
D:15:     hangedman_depths_entry_try_elsewhere_first, layout_loops_ring,
          special_room [special_room_bee], serial_shops,
          nicolae_shop_statue_plus, nicolae_shop_stone, nrook_uturn
Lair:1:   layout_regular_city, serial_bayou_pond_c, uniq_erica
Lair:2:   layout_loops_ring, nicolae_lair_lil_pond, grunt_forest_large_clearings
Lair:3:   layout_roguey, skrybe_swamp_entry_bodies, spider_nest_entry_a,
          gammafunk_ghost_necromancy, chequers_serial_rivers_micro_c,
          serial_bayou_lagoon_b, infiniplex_staircase_pool
Lair:4:   layout_regular_city, slime_entry_2, gauntlet_entry_generic,
          lemuel_oklob_altar, uniq_rupert, uniq_sonja
Lair:5:   evilmike_catoblepas_cave, layout_gridlike, nicolae_lair_lakeside_cave,
          grunt_megastairs_5
Swamp:1:  layout_falls_marsh, gammafunk_ghost_arena, lemuel_altar_in_water
Swamp:2:  layout_basic_swamp, nicolae_swamp_ascending_descending, st_swamp_mini,
          uniq_louise
Swamp:3:  gammafunk_sealed_arena, layout_basic_swamp,
          evilmike_swamp_ruin_house_5, nicolae_swamp_frolicking_bunyips,
          uniq_donald
Swamp:4:  swamp_icy, layout_basic_swamp, swamp_pool1, hangedman_swamp_dais,
          uniq_nikola
Spider:1: mumra_spider_spiderweb
Spider:2: layout_spider_delve, guppyfry_spider_mini_1
Spider:3: layout_spider_delve, hangedman_spider_tarantella_strand
Spider:4: floodkiller_spider_rune_tomb, portal_ice_cave_entry_ice_simulacra
Slime:1:  layout_caves
Slime:2:  layout_caves, uniq_dissolution
Slime:3:  cheibrodos_slime_lost_civilization_8, layout_caves
Slime:4:  layout_caves, nicolae_slime_barrier
Slime:5
Orc:1:    layout_caves
Orc:2:    st_orc_town, layout_caves, nicolae_orc_flooded_monolith,
          chequers_guarded_unrand_ignorance
Elf:1:    nicolae_elf_arrival_dilemma, layout_geoelf_octagon,
          minmay_elf_crystal_heptagon, grunt_ministairs_11,
          minmay_shop_grid_forest
Elf:2:    nicolae_elf_blades_crystal_corner, layout_geoelf_diagonals,
          portal_desolation_entry_ruin
Elf:3:    grunt_elf_hall_asides, layout_geoelf_octagon, basic_altar
Vaults:1: ontoclasm_vaults_ring_large, nicolae_vaults_bisected_slash,
          nicolae_vaults_network_quinsquares
          [nicolae_vaults_network_quincunx_subvault,
          nicolae_vaults_network_quincunx_subvault,
          nicolae_vaults_network_quincunx_subvault,
          nicolae_vaults_network_quincunx_subvault], vaults_room_hallway,
          vaults_mumra_chevron, ontoclasm_vaults_chip,
          nicolae_vaults_network_square, vaults_dpeg_emergency_exit,
          vaults_room_pool, ontoclasm_vaults_ring_small,
          nicolae_vaults_rhombus_6, nicolae_vaults_statue_guard,
          vaults_dpeg_encased_lava, ontoclasm_vaults_pinch, layout_vaults_ring,
          serial_shops, nicolae_shop_stone, nicolae_square_shop, shop_coins,
          shop, nicolae_shop_statue_plus
Vaults:2: st_eye, hangedman_vaults_variations, nicolae_vaults_rhombus_6,
          nicolae_vaults_little_squares_6, v_pattern_2,
          nicolae_vaults_twisting_passages, hangedman_vaults_locks,
          vaults_room_fancy_cross, vaults_room_stairs_pillars,
          ontoclasm_vaults_gateway, nicolae_vaults_mini_display_case,
          vaults_room_stairs_pillars, v_misc_31, layout_vaults_omnigrid
Vaults:3: infiniplex_enter_wizlab_glasses, minmay_crypt_entry_simple_box,
          vaults_room_fours, v_alt_pattern_6,
          vaults_room_grunt_arrival_checkpoint, ontoclasm_vaults_loading_screen,
          v_pattern_1, hangedman_vaults_maws, nicolae_vaults_alarming,
          v_alt_pattern_3, layout_vaults_omnibox, uniq_margery, uniq_frederick,
          uniq_asterion
Vaults:4: ontoclasm_vaults_ring_small, vaults_dpeg_ring, st_smaller_cells,
          hangedman_vaults_slice, vaults_room_fancy_cross, v_misc_5,
          grunt_vaults_diagonal, vaults_mumra_hexcomb, vaults_room_boxed,
          v_misc_23, layout_vaults_omnicross
Depths:1: layout_cave_shapes, pf_hell_entry_tar_spiral, serial_shops,
          nicolae_take_the_stairs, grunt_ministairs_9, minmay_liquid_box,
          item_on_display_b
Depths:2: minmay_five_octagons, layout_twisted_cross, pan_entry, abyss_entry,
          hell_entry, minmay_shop_grove, infiniplex_staircase_zigzag_5,
          serial_bayou_shore_b, uniq_sojobo
Depths:3: gammafunk_sealed_library, layout_cave_pools,
          nicolae_abyss_entry_one_way_or_another, patterned_corridor,
          grunt_hell_entry_dis_grunt, okawaru_ov_weapons_minmay
Depths:4: grunt_zot_entry_hairpin, layout_cave_pools, enter_ziggurat_b,
          pf_vacation_house_of_asmodeus, serial_bayou_pond_e, uniq_mennas
Zot:1:    layout_gridlike, hangedman_xom_zot_hilarity
Zot:2:    layout_twisted_circle, gammafunk_ghost_grave, st_stairs_2,
          lemuel_elevator
Zot:3:    layout_misc_corridors
Zot:4:    layout_onion, zot_minivault_4
Zot:5:    layout_cathedral_of_symmetry

Skill      XL: |  1  2  3  4  5  6  7  8  9 10 11 12 13 14 15 16 17 18 19 20 21 22 23 24 25 26 27 |
---------------+----------------------------------------------------------------------------------+-----
Conjurations   | 2 3 4 6 7 8 11 12 14 16 19 20 | 20.5
Stealth        | 3 4 5 6 8 9 10 | 10.0
Air Magic      | 5 6 7 8 10 12 15 | 15.0
Spellcasting   | 3 6 8 10 11 12 13 14 | 14.0
Fighting       | 1 3 4 6 8 9 10 11 12 13 14 15 16 20 | 20.2
Dodging        | 3 4 6 7 8 9 10 11 12 13 14 17 | 17.0
Armour         | 1 3 5 8 11 12 15 | 15.0
Evocations     | 3 4 6 9 11 18 | 18.0
Short Blades   | 2 4 6 8 9 10 | 10.0
Transmutations | 3 6 7 8 |  8.0
Invocations    | 4 6 8 9 10 11 | 11.0
Necromancy     | 4 8 |  8.0
Poison Magic   | 4 |  4.0
Translocations | 4 7 8 |  8.0
Throwing       | 3 4 8 |  8.0
Shields        | 8 10 | 10.0
Fire Magic     | 3 10 12 14 | 14.0
Staves         | 5 8 |  8.0
Ice Magic      | 4 10 | 10.0
Earth Magic    | 4 |  4.1

Action                     |  1- 3 |  4- 6 |  7- 9 | 10-12 | 13-15 | 16-18 | 19-21 | 22-24 | 25-27 || total
---------------------------+-------+-------+-------+-------+-------+-------+-------+-------+-------++-------
  Melee: Unarmed           |     2 |       |       |       |       |       |       |       |       ||     2
         Dagger            |    11 |     7 |     8 |    19 |   400 |   545 |    19 |       |    41 ||  1050
         Kick              |     3 |     2 |     1 |     7 |   228 |   280 |   224 |   100 |   358 ||  1203
         Peck              |     2 |       |     2 |     2 |   139 |   171 |   143 |    57 |   235 ||   751
         Punch             |       |       |     1 |       |    10 |     6 |       |       |       ||    17
         Staff             |       |       |     1 |     5 |     2 |    12 |    20 |     8 |    81 ||   129
         Rapier            |       |       |       |       |       |     5 |   379 |    12 |       ||   396
         Cutlass           |       |       |       |       |       |       |       |   167 |   342 ||   509
         Quick blade       |       |       |       |       |       |       |       |       |   126 ||   126
  Throw: Dart              |       |       |       |     5 |     4 |   102 |     7 |       |     4 ||   122
         Throwing net      |       |       |       |       |     1 |       |       |       |       ||     1
         Boomerang         |       |       |       |       |       |     3 |       |       |       ||     3
         Javelin           |       |       |       |       |       |     2 |       |       |     1 ||     3
   Cast: Shock             |    57 |   102 |   133 |    89 |    50 |     8 |       |       |       ||   439
         Static Discharge  |    12 |    11 |    58 |    93 |    54 |     1 |       |       |       ||   229
         Swiftness         |       |     1 |     1 |     2 |     2 |     1 |     1 |       |     2 ||    10
         Airstrike         |       |       |    28 |   176 |   475 |   645 |   127 |     5 |    66 ||  1522
         Irradiate         |       |       |       |     1 |    30 |    71 |    73 |    21 |   106 ||   302
         Cigotuvi's Dreadf |       |       |       |     1 |     4 |     2 |       |       |       ||     7
         Mephitic Cloud    |       |       |       |       |    77 |    92 |    60 |    12 |    45 ||   286
         Iskenderun's Myst |       |       |       |       |       |    14 |    25 |    21 |    43 ||   103
         Iskenderun's Batt |       |       |       |       |       |     1 |       |       |       ||     1
         Starburst         |       |       |       |       |       |    21 |   162 |    45 |   254 ||   482
         Apportation       |       |       |       |       |       |     1 |       |       |       ||     1
         Orb of Destructio |       |       |       |       |       |       |   107 |    57 |   498 ||   662
         Blink             |       |       |       |       |       |       |     2 |       |     4 ||     6
         Sublimation of Bl |       |       |       |       |       |       |       |       |     1 ||     1
         Freezing Cloud    |       |       |       |       |       |       |       |       |    29 ||    29
 Invoke: Heroism           |       |       |       |     2 |     5 |    12 |     5 |       |     4 ||    28
         Duel              |       |       |       |       |       |       |       |       |     1 ||     1
  Evoke: Wand              |       |       |       |     3 |     4 |     4 |     6 |       |    15 ||    32
         Tin of tremorston |       |       |       |     2 |       |     2 |     3 |       |     2 ||     9
    Use: Scroll            |       |     5 |     4 |    11 |    11 |    10 |     7 |     4 |    19 ||    71
         Potion            |       |       |       |     1 |     4 |     8 |    10 |     2 |    33 ||    58
   Stab: Sleeping          |       |     2 |     2 |     2 |     5 |    11 |    24 |    14 |    27 ||    87
         Confused          |       |       |       |       |    66 |    97 |    65 |    15 |    43 ||   286
         Held in net/web   |       |       |       |       |     2 |       |       |       |       ||     2
         Distracted        |       |       |       |       |       |     1 |     3 |       |     1 ||     5
 Armour: Robe              |    14 |     5 |       |       |       |       |       |       |       ||    19
         Ring mail         |       |       |    24 |    11 |   119 |   254 |   162 |    26 |   130 ||   726
         Swamp dragon scal |       |       |       |    85 |    41 |       |       |       |       ||   126
  Dodge: Dodged            |    34 |    25 |    50 |   220 |   381 |   509 |   643 |   192 |   837 ||  2891
  Block: Other             |       |     9 |    22 |    26 |       |       |       |       |       ||    57
         Reflection        |       |     1 |       |       |       |       |       |       |       ||     1
         Buckler           |       |       |       |       |       |   115 |   223 |    59 |   189 ||   586

Table legend: (Time is in decaauts)
 A = Elapsed time spent in this place.
 B = Non-inter-level travel time spent in this place.
 C = Inter-level travel time spent in this place.
 D = Time resting spent in this place.
 E = Time spent auto-exploring this place.
 F = Levels seen in this place.
 G = Mean time per level.
                   A        B        C        D        E       F      G
               +--------+--------+--------+--------+--------+-----+--------+
         Total |  81332 |  72554 |   8778 |   3741 |  51380 |  58 | 1402.3 |
       Dungeon |  24238 |  20605 |   3633 |   1051 |  15632 |  15 | 1615.9 |
          Lair |  12590 |  11273 |   1317 |   1341 |   7589 |   5 | 2518.0 |
         Swamp |   4660 |   4497 |    163 |    168 |   3338 |   4 | 1165.0 |
   Spider Nest |   6752 |   6350 |    402 |    356 |   4523 |   4 | 1688.0 |
    Slime Pits |   2305 |   2081 |    224 |     77 |   1226 |   5 |  461.0 |
  Orcish Mines |   2728 |   2313 |    415 |      0 |   1667 |   2 | 1364.0 |
   Elven Halls |   3723 |   3267 |    456 |      0 |   2379 |   3 | 1241.0 |
        Vaults |   6906 |   6385 |    521 |     12 |   4967 |   4 | 1726.5 |
        Depths |   4806 |   3798 |   1008 |    101 |   2783 |   4 | 1201.5 |
           Zot |   8449 |   7813 |    636 |    585 |   5011 |   5 | 1689.8 |
         Abyss |    510 |    510 |      0 |      0 |     28 |   1 |  510.0 |
         Trove |    130 |    130 |      0 |      0 |     73 |   1 |  130.0 |
      Ice Cave |   1139 |   1139 |      0 |     50 |    782 |   1 | 1139.0 |
        Wizlab |    838 |    838 |      0 |      0 |    443 |   1 |  838.0 |
    Desolation |   1054 |   1054 |      0 |      0 |    587 |   1 | 1054.0 |
      Gauntlet |    471 |    471 |      0 |      0 |    346 |   1 |  471.0 |
         Arena |     24 |     24 |      0 |      0 |      0 |   1 |   24.0 |
               +--------+--------+--------+--------+--------+-----+--------+

Top non-repeatable levels by time:
  Lair:3: 3165 daAuts
  Lair:5: 2737 daAuts
  Lair:1: 2514 daAuts
     D:9: 2492 daAuts
Vaults:2: 2354 daAuts
Spider:4: 2252 daAuts
  Lair:2: 2162 daAuts
     D:6: 2119 daAuts
    D:12: 2095 daAuts
     D:8: 2076 daAuts
   Zot:4: 2058 daAuts
  Lair:4: 2010 daAuts
    D:14: 1973 daAuts
   Zot:5: 1952 daAuts
Vaults:1: 1932 daAuts
